 Dungeon Crawl Stone Soup version 0.31-a0-233-g139696dc86 (webtiles) character file.

Game seed: 7325682326524904329

359 qw the Shooter (level 6, -5/52 HPs)
             Began as a Minotaur Hexslinger on July 8, 2023.
             Slain by an ogre
             ... wielding a +0 giant club
              (25 damage)
             ... on level 4 of the Dungeon.
             The game lasted 00:01:27 (4114 turns).

qw the Shooter (Minotaur Hexslinger)                Turns: 4114, Time: 00:01:28

Health: -5/52      AC:  5    Str: 13    XL:     6   Next: 37%
Magic:  6/6        EV: 11    Int: 10    God:
Gold:   245        SH:  0    Dex: 14    Spells: 6/7 levels left

rFire   . . .        Y - +1 sling
rCold   . . .        (no shield)
rNeg    . . .        a - +0 ring mail
rPois   .            (helmet restricted)
rElec   .            (no cloak)
rCorr   .            (no gloves)
SInv    .            (no boots)
Will    .....        (no amulet)
Stlth   +            (no ring)
HPRegen 0.28/turn    (no ring)
MPRegen 0.10/turn

%: no passive effects
@: no status effects
A: horns 2, retaliatory headbutt
a: no special abilities


You were on level 4 of the Dungeon.
You visited 1 branch of the dungeon, and saw 4 of its levels.
You also visited: Sewer.

You collected 245 gold pieces.


Innate Abilities, Weirdness & Mutations

You have a pair of horns on your head.
You reflexively headbutt those who attack you in melee.


   Skills:
 - Level 4.1 Fighting
 + Level 6.1 Ranged Weapons
 - Level 2.1 Armour
 - Level 2.1 Dodging
 - Level 1.0 Spellcasting
 - Level 2.0 Hexes


You had 6 spell levels left.
You knew the following spells:

 Your Spells              Type           Power      Damage    Failure   Level
a - Slow                  Hex            16%        N/A       32%         1

Your spell library contained the following spells:

 Spells                   Type           Power      Damage    Failure   Level
 Inner Flame              Hex/Fire       2%         N/A       82%         3
 Portal Projectile        Hex/Tloc       4%         N/A       82%         3
 Cause Fear               Hex            2%         N/A       97%         4

Inventory:

Hand Weapons
 Y - a +1 sling (weapon)
Armour
 a - a +0 ring mail (worn)
Scrolls
 d - a scroll of acquirement {unknown}
 e - 2 scrolls of enchant armour
 l - a scroll of identify {unknown}
Potions
 b - a potion of brilliance {unknown}
 c - a potion of magic {unknown}
 f - a potion of berserk rage {unknown}
 g - a potion of haste {unknown}
 h - a potion of ambrosia {unknown}
 i - a potion of heal wounds {unknown}
 j - a potion of attraction {unknown}
 k - a potion of enlightenment {unknown}

Dungeon Overview and Level Annotations

Branches:
Dungeon (4/15)              Sewer (visited)
 Temple: D:4-7

Altars:
Makhleb

Shops:
D:4 =


Message History

Enter note: You shoot a sling bullet.
The sling bullet barely misses the hobgoblin.
You shoot a sling bullet. The sling bullet hits the hobgoblin.
The hobgoblin is moderately wounded.
You shoot a sling bullet.
The sling bullet closely misses the hobgoblin.
You shoot a sling bullet.
The sling bullet barely misses the hobgoblin.
You shoot a sling bullet. The sling bullet hits the hobgoblin!
You kill the hobgoblin!
You now have 245 gold pieces (gained 11).
An ogre comes into view. It is wielding a +0 giant club.
You see here a hobgoblin corpse.
Enter note:
Enter note:
Enter note: You shoot a sling bullet.
The ogre shouts!
The sling bullet hits the ogre but does no damage.
You shoot a sling bullet. The sling bullet hits the ogre.
The ogre is lightly wounded.
You shoot a sling bullet. The sling bullet hits the ogre.
The ogre is lightly wounded.
You shoot a sling bullet. The sling bullet hits the ogre.
The ogre is moderately wounded.
You shoot a sling bullet.
The sling bullet barely misses the ogre.
You shoot a sling bullet. The sling bullet hits the ogre!
The ogre is heavily wounded.
The ogre hits you with a +0 giant club!!
Ouch! That really hurt!
You shoot a sling bullet.
The sling bullet barely misses the ogre.
The ogre hits you with a +0 giant club.
You shoot a sling bullet.
The sling bullet hits the ogre but does no damage.
The ogre is heavily wounded.
The ogre hits you with a +0 giant club!!
You die...

#.# #. #.# ##.
#.# #.. .. #.#
#.# ##.## #.# #.#
#...# #.# #.##
###...####O#
#.##.#.......##@#
#.##............#
##.#
##.......####
##.######...###
.....# #...#
##.#.## ##.##
##....####%#####
#.............#
##...####.###.#


You could see an ogre.

Vanquished Creatures
  A kobold brigand (Sewer)
  A scorpion (D:4)
  A hound (D:3)
  9 adders
  6 worms
  A dart slug (D:3)
  An orc (D:3)
  14 ball pythons
  13 endoplasms
  5 giant cockroaches
  A goblin (D:1)
  14 hobgoblins
  3 jackals (D:1)
  3 quokkas
  4 bats
  3 frilled lizards
  12 kobolds
  9 rats
101 creatures vanquished.

Notes
Turn   | Place    | Note
-------+----------+-------------------------------------------
     0 | D:1      | qw the Minotaur Hexslinger began the quest for the Orb.
     0 | D:1      | Reached XP level 1. HP: 16/16 MP: 1/1
     0 | D:1      | 0 ||| qw: Version: 0.3-a-46-gb1f654a
     0 | D:1      | 0 ||| qw: Game counter: 3623
     0 | D:1      | 0 ||| qw: Melee chars always use a shield: true
     0 | D:1      | 0 ||| qw: God list: Okawaru
     0 | D:1      | 0 ||| qw: Allow faded altars: false
     0 | D:1      | 0 ||| qw: Do Orc after clearing Dungeon:15 true
     0 | D:1      | 0 ||| qw: Do second Lair branch before Depths: true
     0 | D:1      | 0 ||| qw: Lair rune preference: random
     0 | D:1      | 0 ||| qw: Goals: Normal
     0 | D:1      | 0 ||| PLANNING D:1-11
   489 | D:1      | Reached skill level 3 in Ranged Weapons
   489 | D:1      | Reached XP level 2. HP: 23/23 MP: 2/2
  1118 | D:1      | 1118 ||| READING scroll labelled CEOBBI RUWA.
  1119 | D:1      | 1119 ||| READING scroll labelled XASMUI VOSAM.
  1120 | D:1      | 1120 ||| READING scroll labelled MOINEZAOPS.
  1121 | D:1      | 1121 ||| DROPPING scroll of poison.
  1164 | D:2      | Reached XP level 3. HP: 15/29 MP: 3/3
  1224 | D:2      | Found a burning altar of Makhleb.
  1256 | D:2      | Reached skill level 4 in Ranged Weapons
  1586 | D:2      | Reached XP level 4. HP: 19/36 MP: 4/4
  1792 | D:2      | Found a faded altar of an unknown god.
  1975 | D:2      | 1975 ||| UPGRADING to +0 ring mail.
  1985 | D:2      | 1985 ||| DROPPING +0 robe.
  1986 | D:2      | 1986 ||| READING scroll labelled AMOS IWNIMANG.
  1987 | D:2      | 1987 ||| READING scroll labelled PISUNLOOS.
  2020 | D:3      | 2020 ||| PLANNING SEWER
  2050 | D:3      | Identified the +2 mace of the Eternal Warrior {venom, rC+
                  | rCorr}
  2237 | D:3      | Found a glowing drain.
  2243 | D:3      | 2243 ||| READING scroll labelled GICALL NEMAZES.
  2314 | Sewer    | Entered a sewer
  2355 | Sewer    | 2355 ||| Stepping ~*~*~tactically~*~*~ (water).
  2422 | Sewer    | Reached skill level 5 in Ranged Weapons
  2422 | Sewer    | Reached XP level 5. HP: 35/41 MP: 5/5
  2640 | Sewer    | 2640 ||| Stepping ~*~*~tactically~*~*~ (water).
  2817 | Sewer    | 2817 ||| Stepping ~*~*~tactically~*~*~ (water).
  2978 | Sewer    | 2978 ||| Stepping ~*~*~tactically~*~*~ (water).
  3211 | Sewer    | 3211 ||| Stepping ~*~*~tactically~*~*~ (water).
  3219 | Sewer    | 3219 ||| READING scroll labelled KEQOBE BUKHLE.
  3243 | D:3      | 3243 ||| PLANNING D:1-11
  3367 | D:3      | Reached XP level 6. HP: 49/52 MP: 6/6
  3783 | D:3      | 3783 ||| DRINKING 2 emerald potions.
  3809 | D:3      | 3809 ||| DROPPING potion of lignification.
  3866 | D:4      | Found Egasse's Jewellery Shoppe.
  3887 | D:4      | 3887 ||| SHOPLISTING amulet of regeneration (420 gold, have
                  | 206).
  3887 | D:4      | 3887 ||| SHOPLISTING ring "Otrall" {Str-5 Dex+6 SInv
                  | Stlth+} (553 gold, have 206).
  3887 | D:4      | 3887 ||| SHOPLISTING ring of Zotz {Fire Str+3 Int+3} (624
                  | gold, have 206).
  3887 | D:4      | 3887 ||| SHOPLISTING ring of willpower (350 gold, have
                  | 206).
  3962 | D:4      | Reached skill level 6 in Ranged Weapons
  4114 | D:4      | Slain by an ogre

Levels and vault maps discovered:
D:1:      ncdulo_watergridlock, layout_basic, minivault_11, nicolae_hexahallways
D:2:      layout_basic, basic_altar,
          hellmonk_ecumenical_altar_pennies_from_heaven, st_stairs_2, hex_medium
D:3:      layout_loops_cross, cheibrodos_sewer_entry_sluice
D:4:      layout_loops_ring, serial_shops, shop, cheibrodos_gnoll_hut

Skill      XL: |  1  2  3  4  5  6 |
---------------+-------------------+-----
Ranged Weapons | 3 4 5 6 |  6.1
Fighting       | 2 4 |  4.1
Armour         | 2 |  2.1
Dodging        | |  2.1
Spellcasting   | |  1.0
Hexes          | |  2.0

Action                     |  1- 3 |  4- 6 || total
---------------------------+-------+-------++-------
   Fire: Sling             |   118 |   275 ||   393
    Use: Scroll            |     3 |     4 ||     7
         Potion            |       |     1 ||     1
 Armour: Robe              |    13 |       ||    13
         Ring mail         |       |    37 ||    37
  Dodge: Dodged            |    41 |    67 ||   108

Table legend:
 A = Non-vault XP
 B = Vault XP
 C = Vault XP percentage of total XP
 D = Non-vault monster count
 E = Vault monster count
 F = Vault count percentage of total count
                 A         B        C        D         E       F
            +---------+---------+-------+---------+---------+-------
      Total |     299 |     214 |  41.7 |      68 |      33 |  32.7
            +---------+---------+-------+---------+---------+-------
        D:1 |      31 |       0 |   0.0 |      17 |       0 |   0.0
        D:2 |      68 |      15 |  18.1 |      22 |       2 |   8.3
        D:3 |     103 |       8 |   7.2 |      19 |       3 |  13.6
        D:4 |      97 |       0 |   0.0 |      10 |       0 |   0.0
      Sewer |       0 |     191 | 100.0 |       0 |      28 | 100.0
            +---------+---------+-------+---------+---------+-------
